 Dungeon Crawl Stone Soup version 0.28-a0-909-g796cbd3a86 (webtiles) character file.

Game seed: 15979438610690305158

528 vineage the Fighter (level 7, -1/50 HPs)
             Began as a Gargoyle Fighter on Nov 24, 2021.
             Splashed by a jelly's acid (7 damage)
             ... on level 5 of the Dungeon.
             The game lasted 00:03:52 (3752 turns).

vineage the Fighter (Gargoyle Fighter)              Turns: 3752, Time: 00:03:54

Health: -1/50      AC:  9    Str: 19    XL:     7   Next: 23%
Magic:  0/7        EV:  9    Int:  9    God:
Gold:   122        SH:  4    Dex: 11    Spells: 6/6 levels left

rFire   . . .      SeeInvis .   a - +0 flail
rCold   . . .      Faith    .   c - +0 buckler
rNeg    + . .      Spirit   +   b - +0 scale mail
rPois   ∞          Reflect  .   e - +1 hat
rElec   +          Harm     .   f - +0 cloak
rCorr   .          Rampage  .   r - +0 pair of gloves
Will    .....                   h - +1 pair of boots
Stlth   ..........              q - amulet of guardian spirit
HPRegen 0.16/turn               (no ring)
MPRegen 0.10/turn               (no ring)

@: corroded
A: sickness immunity, AC +4, negative energy resistance 1, electricity
resistance, torment resistance 1, petrification resistance
a: no special abilities


You were on level 5 of the Dungeon.
You visited 1 branch of the dungeon, and saw 5 of its levels.

You collected 122 gold pieces.

Inventory:

Hand Weapons
 a - a +0 flail (weapon)
Armour
 b - a +0 scale mail (worn)
 c - a +0 buckler (worn)
 e - a +1 hat (worn)
 f - a +0 cloak (worn)
 h - a +1 pair of boots (worn)
 r - a +0 pair of gloves (worn)
Jewellery
 q - an amulet of guardian spirit (around neck)
Scrolls
 m - 2 scrolls of teleportation
 n - a scroll of magic mapping
Potions
 d - a potion of brilliance
 g - a potion of mutation {unknown}
 i - a potion of curing {unknown}
 l - 3 potions of haste


   Skills:
 * Level 8.8 Fighting
 - Level 2.0 Maces & Flails
 - Level 3.2 Armour
 - Level 3.2 Shields


You had 6 spell levels left.
You didn't know any spells.
Your spell library contained the following spells:

 Spells                   Type           Power      Damage    Failure   Level
 Sandblast                Erth           0%         2d4       78%         1
 Passwall                 Tmut/Erth      0%         N/A       89%         2
 Stone Arrow              Conj/Erth      0%         3d7       98%         3


Dungeon Overview and Level Annotations

Branches:
Dungeon (5/15)
 Temple: D:4-7

Altars:


Innate Abilities, Weirdness & Mutations

You are immune to sickness and miasma.
Your stone body is resilient. (AC +4)
You are immune to poison.
You resist negative energy. (rN+)
You are resistant to electric shocks. (rElec)
You are resistant to unholy torment.
You are immune to petrification.


Message History

You are too injured to fight recklessly!
You are too injured to fight recklessly!
You are too injured to fight recklessly!
You are too injured to fight recklessly!
You are too injured to fight recklessly!
You are too injured to fight recklessly!
You are too injured to fight recklessly!
You are too injured to fight recklessly!
You are too injured to fight recklessly!
You are too injured to fight recklessly!
You are too injured to fight recklessly!
You are too injured to fight recklessly!
You are too injured to fight recklessly!
You are too injured to fight recklessly!
You are too injured to fight recklessly!
You hit the jelly.
Your hands burn!
The jelly is severely wounded.
The jelly closely misses you. The jelly hits you but does no damage.
You hit the jelly but do no damage.
Your hands burn!
* * * LOW HITPOINT WARNING * * *
The jelly is severely wounded.
The jelly barely misses you.
You hit the jelly but do no damage.
Your hands burn!
* * * LOW HITPOINT WARNING * * *
The jelly is severely wounded.
The jelly hits you but does no damage.
You barely miss the jelly.
The jelly is severely wounded.
The jelly hits you but does no damage. The jelly closely misses you.
You hit the jelly but do no damage.
Your hands burn!
* * * LOW HITPOINT WARNING * * *
The jelly is severely wounded.
The jelly barely misses you.
You hit the jelly but do no damage.
Your hands burn!
* * * LOW HITPOINT WARNING * * *
The jelly is severely wounded.
The jelly hits you.
* * * LOW HITPOINT WARNING * * *
You are splashed with acid!
You die...

#........##
##......## ##
##....## #..
#..### ##...
#.## #..... ##.#
#......
#.###.......
#.##.J......
##.<@.......
#..$!.......
#............
........(......
...#............
###.............
#.............
#.............


You could see a jelly.

Vanquished Creatures
  A sky beast (D:5)
  A black bear (D:5)
  A phantom (D:4)
  A jelly (D:3)
  A hound (D:4)
  An iguana (D:4)
  6 gnolls
  A howler monkey skeleton (D:4)
  4 adders
  A white imp (D:3)
  An ufetubus (D:4)
  A worm (D:3)
  3 dart slugs (D:2)
  4 orcs (D:3)
  4 endoplasms
  2 giant cockroaches (D:2)
  4 hobgoblins
  2 jackals (D:4)
  5 kobolds
  3 quokkas (D:3)
  5 ball pythons
  5 bats
  3 frilled lizards
  6 goblins
  A rat (D:2)
67 creatures vanquished.

Notes
Turn   | Place    | Note
-------+----------+-------------------------------------------
     0 | D:1      | vineage the Gargoyle Fighter began the quest for the Orb.
     0 | D:1      | Reached XP level 1. HP: 14/14 MP: 1/1
    37 | D:1      | Found a faded altar of an unknown god.
   575 | D:1      | Reached XP level 2. HP: 17/20 MP: 2/2
   808 | D:2      | Reached skill level 4 in Fighting
   841 | D:2      | Reached XP level 3. HP: 16/24 MP: 3/3
  1085 | D:2      | Reached skill level 5 in Fighting
  1129 | D:2      | Reached XP level 4. HP: 18/31 MP: 4/4
  1777 | D:3      | Reached skill level 6 in Fighting
  1777 | D:3      | Reached XP level 5. HP: 10/36 MP: 5/5
  3031 | D:4      | Reached skill level 7 in Fighting
  3187 | D:4      | Noticed a phantom
  3200 | D:4      | Reached XP level 6. HP: 44/44 MP: 6/6
  3565 | D:5      | Entered Level 5 of the Dungeon
  3565 | D:5      | Noticed a black bear
  3578 | D:5      | Killed a black bear
  3579 | D:5      | Reached skill level 8 in Fighting
  3579 | D:5      | Reached XP level 7. HP: 42/50 MP: 4/7
  3752 | D:5      | Splashed by a jelly's acid

Illustrated notes

Levels and vault maps discovered:
D:1:      dpeg_arrival_rooms_c, layout_loops_ring,
          hellmonk_ecumenical_altar_crossroads
D:2:      layout_basic
D:3:      layout_loops_cross, item_on_display_a
D:4:      layout_basic
D:5:      layout_cave_pods, grunt_gozag_statues, minmay_temple_entry_poolview,
          uniq_menkaure, uniq_blork_the_orc, uniq_prince_ribbit1

Skill      XL: |  1  2  3  4  5  6 |
---------------+-------------------+-----
Fighting       | 4 5 6 7 8 |  8.8
Maces & Flails | |  2.0
Armour         | |  3.2
Shields        | |  3.2

Action                   |  1- 3 |  4- 6 |  7- 9 || total
-------------------------+-------+-------+-------++-------
Melee: Flail             |    79 |   196 |    22 ||   297
  Use: Scroll            |     2 |     5 |     2 ||     9
       Potion            |       |     3 |       ||     3
Armor: Scale mail        |    68 |   143 |    11 ||   222
Dodge: Dodged            |    51 |   108 |    11 ||   170
Block: Buckler           |    15 |    48 |     2 ||    65

Table legend: (Time is in decaauts)
 A = Elapsed time spent in this place.
 B = Non-inter-level travel time spent in this place.
 C = Inter-level travel time spent in this place.
 D = Time resting spent in this place.
 E = Time spent auto-exploring this place.
 F = Levels seen in this place.
 G = Mean time per level.
                   A        B        C        D        E       F      G
               +--------+--------+--------+--------+--------+-----+--------+
         Total |   3845 |   3716 |    129 |    267 |   2748 |   5 |  769.0 |
       Dungeon |   3845 |   3716 |    129 |    267 |   2748 |   5 |  769.0 |
               +--------+--------+--------+--------+--------+-----+--------+

Top non-repeatable levels by time:
     D:3: 1243 daAuts
     D:2: 955 daAuts
     D:1: 803 daAuts
     D:4: 646 daAuts
     D:5: 196 daAuts
